 Dungeon Crawl Stone Soup version 0.17-a0-483-g810ce3f (webtiles) character file.

176 Radiman the Cudgeler (level 5, 0/45 HPs)
             Began as a Centaur Fighter on Apr 8, 2015.
             Slain by an orc
             ... wielding a +0 trident of distortion
              (15 damage)
             ... on level 3 of the Dungeon.
             The game lasted 00:07:42 (2756 turns).

Radiman the Cudgeler (Centaur Fighter)              Turns: 2756, Time: 00:07:42

Health: 0/45       AC:  8    Str: 18    XL:     5   Next: 30%
Magic:  5/5        EV:  5    Int:  7    God:
Gold:   143        SH:  8    Dex: 10    Spells: 0 memorised, 4 levels left

rFire  . . .     SeeInvis .     a - +0 flail
rCold  . . .     Clarity  .     b - +0 scale mail
rNeg   . . .     SustAb   .     c - +0 shield
rPois  .         Gourm    .     (no helmet)
rElec  .         Spirit   .     k - +0 cloak
rCorr  .         Warding  .     z - +0 pair of gloves
rMut   .         Stasis   .     (no barding)
MR     .....                    (no amulet)
Stlth  ..........               (no ring)
                                (no ring)

@: very quick, not resistant to hostile enchantments, extremely unstealthy
A: hooves 3, deformed body, speed 2, tough skin 3
a: no special abilities


You were on level 3 of the Dungeon.
You were not hungry.

You visited 1 branch of the dungeon, and saw 3 of its levels.

You collected 143 gold pieces.

Inventory:

Hand weapons
 a - a +0 flail (weapon)
Missiles
 w - 24 poisoned needles
Armour
 b - a +0 scale mail (worn)
 c - a +0 shield (worn)
 k - a +0 cloak (worn)
 z - a +0 pair of gloves (worn)
Scrolls
 g - 3 scrolls of fog {unknown}
 h - a scroll of random uselessness {unknown}
 i - 3 scrolls of teleportation {unknown}
 j - 3 scrolls of identify {unknown}
 m - 2 scrolls of enchant weapon {unknown}
 o - 2 scrolls of remove curse {unknown}
 q - a scroll of noise {unknown}
 u - a scroll of fear {unknown}
 y - a scroll of magic mapping {unknown}
Potions
 e - a potion of might
 n - 3 potions of heal wounds {unknown}
 p - a potion of cancellation {unknown}
 r - 2 potions of restore abilities {unknown}
 t - a potion of beneficial mutation {unknown}
 v - a potion of brilliance {unknown}
 x - a potion of ambrosia {unknown}
Books
 s - a book of Alchemy

   Spells                             Type                      Level
   a - Sublimation of Blood           Necromancy                   2
   b - Alistair's Intoxication        Transmutation/Poison         4
   c - Condensation Shield            Ice                          4
   d - Petrify                        Transmutation/Earth          4
   e - Ignite Poison                  Fire/Transmutation           5
   f - Irradiate                      Conjuration/Transmutation    5
Comestibles
 d - 4 bread rations
 f - 2 chunks of flesh
 l - 3 meat rations


   Skills:
 - Level 3.0 Fighting
 * Level 5.1 Maces & Flails
 - Level 2.1 Armour
 - Level 2.1 Shields


You had 4 spell levels left.
You didn't know any spells.

Dungeon Overview and Level Annotations

Branches:
Dungeon (3/15)

Altars:
Cheibriados
Gozag
Vehumet


Innate Abilities, Weirdness & Mutations

You have hooves in place of feet.
Armour fits poorly on your strangely shaped body.
You cover ground very quickly.
You have extremely tough skin (AC +3).


Message History

You sock the orc!
You kill the orc!
An orc comes into view. It is wielding a trident of distortion.
You closely miss the orc.
The orc shouts!
The orc hits you. x2
You sock the orc!
You kill the orc!
You hit the orc but do no damage. The orc barely misses you.
The orc hits you but does no damage.
Your shield prevents you from hitting the orc.
Your kick misses the orc. The orc hits you but does no damage.
Space bends around you. The orc hits you but does no damage.
An orc comes into view. It is wielding a whip.
You closely miss the orc.
The orc shouts!
The orc hits you from afar with a trident of distortion.
Space warps horribly around you! The orc hits you with a vampiric whip.
The orc hits you but does no damage. Space warps horribly around you!
You die...

....#.##.##....#.#######...#.# #
###.......#....#.#####.###.#.# #
#.#.##.##.............##.#.# #
##.#.######..##..##.....#.#.# #
#..#.######..##.o.........#.####
#............##.###.....###....#
##.##.#######.##o# ##...##
####.# #.(...# #.##o#
##.#######... #.)#### #.##@#
#..(........ #..# #.##.###
#########... #..#### #....#.##
##.# #.....# ####..#.## #.#
#.###.# #.###.# #.# #.# #.#
#####..#.## #.# #.#
#.######.........##########.#
#.#
#........###.......)........#
#.##########)#
###.#.############


You could see 3 orcs.

Vanquished Creatures
  4 gnolls (D:2)
  6 adders
  A worm (D:3)
  A giant gecko (D:1)
  7 orcs (D:3)
  4 ball pythons
  11 bats
  2 giant cockroaches (D:2)
  11 hobgoblins
  10 kobolds
  A quokka (D:2)
  4 giant newts
  3 goblins
  7 rats
72 creatures vanquished.

Notes
Turn   | Place    | Note
--------------------------------------------------------------
     0 | D:1      | Radiman, the Centaur Fighter, began the quest for the Orb.
     0 | D:1      | Reached XP level 1. HP: 19/19 MP: 1/1
   213 | D:1      | Reached XP level 2. HP: 23/26 MP: 2/2
   811 | D:1      | Reached XP level 3. HP: 31/31 MP: 3/3
  1231 | D:2      | Reached XP level 4. HP: 29/38 MP: 4/4
  1235 | D:2      | Reached skill level 4 in Maces & Flails
  2041 | D:3      | Found a radiant altar of Vehumet.
  2249 | D:3      | Reached XP level 5. HP: 37/45 MP: 5/5
  2360 | D:3      | Found a snail-covered altar of Cheibriados.
  2361 | D:3      | Found an opulent altar of Gozag.
  2466 | D:3      | Reached skill level 5 in Maces & Flails
  2756 | D:3      | Slain by an orc

Action                   |  1- 3 |  4- 6 || total
-------------------------+-------+-------++-------
Melee: Flail             |   103 |   109 ||   212
  Eat: Chunk             |       |     5 ||     5
